 Dungeon Crawl Stone Soup version 0.20-a0-1050-g57248f3 (webtiles) character file.

14 M4edhros the Shield-Bearer (level 2, -3/21 HPs)
             Began as an Octopode Fighter on Apr 25, 2017.
             Slain by an adder (4 damage)
             ... on level 2 of the Dungeon.
             The game lasted 00:00:30 (259 turns).

M4edhros the Shield-Bearer (Octopode Fighter)        Turns: 259, Time: 00:00:30

Health: -3/21      AC:  1    Str: 15    XL:     2   Next: 45%
Magic:  2/2        EV: 11    Int: 10    God:
Gold:   33         SH:  8    Dex: 11    Spells: 1/1 levels left

rFire    + . .     SeeInvis .   a - +0 long sword
rCold    + . .     Gourm    .   b - +0 shield
rNeg     . . .     Faith    .   (helmet restricted)
rPois    +         Spirit   .   (no amulet)
rElec    +         Reflect  .   g - ring of poison resistance
rCorr    +         Harm     .   (no ring)
MR       .....                  (no ring)
Stlth    ++........             (no ring)
Regen    0.1/turn               (no ring)
MPRegen  0.1/turn               (no ring)
                                (no ring)
                                (no ring)

@: resistant
A: almost no armour, stealthy swim, amphibious, 8 rings, constrict 8, camouflage
1, gelatinous body 1
a: no special abilities


You were on level 2 of the Dungeon.
You were not hungry.

You visited 1 branch of the dungeon, and saw 2 of its levels.

You collected 33 gold pieces.

Inventory:

Hand Weapons
 a - a +0 long sword (weapon)
Armour
 b - a +0 shield (worn)
Jewellery
 g - a ring of poison resistance (left tentacle)
Scrolls
 e - 3 scrolls of remove curse {unknown}
 j - 2 scrolls of identify {unknown}
Potions
 c - a potion of might
Comestibles
 d - a bread ration
 f - a royal jelly
 h - a meat ration


   Skills:
 - Level 3.0 Fighting
 + Level 3.0 Long Blades
 - Level 3.0 Dodging
 - Level 3.0 Shields


You had one spell level left.
You didn't know any spells.

Dungeon Overview and Level Annotations

Branches:
Dungeon (2/15)

Altars:


Innate Abilities, Weirdness & Mutations

You cannot wear most types of armour.
You are very stealthy in the water. (Stealth+)
You are amphibious.
You can wear up to eight rings at the same time.
You can use your tentacles to constrict eight enemies at once.
Your skin changes colour to match your surroundings (Stealth+).
Your rubbery body absorbs attacks. (AC +1, EV +1)


Message History

You barely miss the adder. Your grab misses the adder. The adder bites you. x2
You barely miss the adder. Your grab misses the adder. The adder bites you. x2
* * * LOW HITPOINT WARNING * * *
You miss the adder. Your grab misses the adder. You squeeze the adder.
The adder is lightly wounded.
The adder barely misses you. You block the adder's attack.
You are too injured to fight recklessly!
Your shield prevents you from hitting the adder.
You grab the adder. You squeeze the adder.
The adder is moderately wounded.
You constrict the adder. The adder bites you.
* * * LOW HITPOINT WARNING * * *
It was a potion of resistance.
You feel protected.
You constrict the adder. The adder barely misses you.
The adder bites you but does no damage.
Your shield prevents you from hitting the adder.
The adder is heavily wounded.
You constrict the adder. You block the adder's attack. The adder bites you.
You die...

.......# .....#.#
##.#..#.# #..#....##
#.##.....#####
#.###..#.....# . #.#
#......#.## . #S#
#..###.#..# . #@#
#.## #.##.###.
#.###.# #.##.....
#.##..# #...[....
##.#..## ######...
#....## #.... #.#.##
#.... #.#.# #....
###...###########....
.............<.......


You could see an adder.

Vanquished Creatures
  3 bats
  2 giant cockroaches (D:1)
  A goblin (D:1)
  2 hobgoblins (D:1)
  4 kobolds (D:1)
  A rat (D:2)
13 creatures vanquished.

Notes
Turn   | Place    | Note
-------+----------+-------------------------------------------
     0 | D:1      | M4edhros the Octopode Fighter began the quest for the Orb.
     0 | D:1      | Reached XP level 1. HP: 16/16 MP: 1/1
    37 | D:1      | Reached XP level 2. HP: 15/21 MP: 2/2
   257 | D:2      | HP: 1/21 [adder (4)]
   259 | D:2      | Slain by an adder

Vault maps used:
D:1:      dpeg_arrival_simpleton_a, kennysheep_boxes
D:2:      cheibrodos_pilgrimage, grunt_temple_overflow_magic_moments

Skill      XL: |  1  2 |
---------------+-------+-----
Long Blades    | 3 |  3.0
Fighting       | |  3.0
Dodging        | |  3.0
Shields        | |  3.0

Action                   || total
-------------------------++-------
Melee: Long sword        ||    18
       Constrict         ||     3
       Tentacles         ||     3
  Use: Potion            ||     1
 Stab: Sleeping          ||     3
Armor: Skin              ||     3
Dodge: Dodged            ||     9
Block: Shield            ||     5
       Rpst.: Long sword ||     3
